 Dungeon Crawl Stone Soup version 0.21-a0-404-g291f19a (webtiles) character file.

3349 Mamutox the Cleaver (level 10, -12/86 HPs)
             Began as a Hill Orc Fighter on Oct 27, 2017.
             Was a Believer of Beogh.
             Mangled by a cyan ugly thing (17 damage)
             ... on level 7 of the Dungeon on Oct 28, 2017.
             The game lasted 00:55:50 (7391 turns).

Mamutox the Cleaver (Hill Orc Fighter)              Turns: 7391, Time: 00:55:51

Health: -12/86     AC: 10    Str: 23    XL:     10   Next: 2%
Magic:  2/10       EV: 11    Int: 13    God:    Beogh [**....]
Gold:   349        SH:  5    Dex: 12    Spells: 9/9 levels left

rFire    . . .     SeeInvis .   L - +3 war axe (chop)
rCold    . . .     Gourm    .   h - +0 buckler
rNeg     . . .     Faith    .   b - +0 scale mail
rPois    .         Spirit   .   (no helmet)
rElec    .         Reflect  .   J - +1 cloak
rCorr    .         Harm     .   (no gloves)
MR       .....     Rnd*Rage +   (no boots) Stlth +.........Rnd*Tele +
                                (no amulet)
HPRegen  0.24/turn              l - ring of stealth
MPRegen  0.12/turn              E - ring of teleportation (curse)

@: brilliant
A: agile 1, berserk 1, evolution 1, sturdy frame 1
a: Smiting, Renounce Religion


You were on level 7 of the Dungeon.
You worshipped Beogh.
Beogh was pleased with you.
You were not hungry.

You visited 2 branches of the dungeon, and saw 8 of its levels.
You also visited: Sewer.

You collected 349 gold pieces.

Inventory:

Hand Weapons
 a - a +0 war axe
 r - a +0 battleaxe
 y - a +3 short sword
 z - a +0 war axe of freezing
 L - a +3 war axe of chopping (weapon)
Missiles
 B - 10 poisoned needles
Armour
 b - a +0 scale mail (worn)
 c - a +0 shield
 h - a +0 buckler (worn)
 w - a +2 robe of magic resistance
 J - a +1 cloak (worn)
Magical Staves
 i - an uncursed staff of earth {unknown}
 t - an uncursed staff of power {unknown}
Jewellery
 l - a ring of stealth (left hand)
 p - an uncursed ring of fire
 E - a cursed ring of teleportation (right hand)
 K - a cursed ring of loudness {unknown}
 P - a cursed ring of teleportation
Wands
 H - a wand of iceblast (15/15)
 R - a wand of iceblast (9/15)
 S - a wand of polymorph (10/24)
Scrolls
 e - a scroll of enchant weapon
 g - a scroll of remove curse
 m - 3 scrolls of immolation
 n - a scroll of enchant armour
 o - a scroll of blinking
 q - 6 scrolls of identify
 s - 3 scrolls of fog
 C - 3 scrolls of recharging
 D - 2 scrolls of fear
 Q - a scroll of teleportation
Potions
 d - a potion of might
 j - 3 potions of curing
 k - 5 potions of lignification
 A - 2 potions of flight
 G - a potion of haste {unknown}
 N - a potion of brilliance
 O - a potion of degeneration {unknown}
Books
 x - Jessica's Papyrus of Evil
   (You found it on level 2 of the Dungeon)

   Spells                             Type                      Level
   a - Sublimation of Blood           Necromancy                   2
 M - a book of Maledictions

   Spells                             Type                      Level
   a - Corona                         Hexes                        1
   b - Ensorcelled Hibernation        Hexes/Ice                    2
   c - Confuse                        Hexes                        3
   d - Tukima's Dance                 Hexes                        3
   e - Dazzling Spray                 Conjuration/Hexes            3
 T - a book of Geomancy

   Spells                             Type                      Level
   a - Sandblast                      Earth                        1
   b - Passwall                       Transmutation/Earth          2
   c - Stone Arrow                    Conjuration/Earth            3
   d - Petrify                        Transmutation/Earth          4
   e - Lee's Rapid Deconstruction     Earth                        5
Comestibles
 f - 3 bread rations
 u - 2 royal jellies
 v - 3 meat rations
 F - 5 fruits
 I - 4 chunks of flesh


   Skills:
 + Level 7.2 Fighting
 * Level 12.1 Axes
 + Level 7.3 Armour
 + Level 2.2 Dodging
 + Level 1.4 Stealth
 + Level 6.7 Shields


You had 9 spell levels left.
You didn't know any spells.

Dungeon Overview and Level Annotations

Branches:
Dungeon (7/15)             Temple (1/1) D:5

Altars:
Ashenzari
Cheibriados
Dithmenos
Elyvilon
Fedhas
Gozag
Hepliaklqana
Kikubaaqudgha
Makhleb
Nemelex Xobeh
Qazlal
Ru
Sif Muna
Trog
Uskayaw
Wu Jian
Xom
Yredelemnul
Zin

Annotations:
D:6 2 runed doors


Innate Abilities, Weirdness & Mutations

You are agile. (Dex +2)
You tend to lose your temper in combat.
You evolve.
Your movements are slightly less encumbered by armour. (ER -2)


Message History

The cyan ugly thing is severely wounded.
The cyan ugly thing closely misses you.
You barely miss the cyan ugly thing.
The cyan ugly thing is severely wounded.
The cyan ugly thing tail-slaps you.
* * * LOW HITPOINT WARNING * * *
The cyan ugly thing shocks you!
* * * LOW HITPOINT WARNING * * *
Aiming: Smiting
Press: ? - help, Dir - move target cursor, f/p - cyan ugly thing Smite: a cyan ugly thing (severely wounded)
You smite the cyan ugly thing!
The cyan ugly thing is almost dead.
The cyan ugly thing tail-slaps you but does no damage.
You hit the cyan ugly thing but do no damage.
The cyan ugly thing is almost dead.
The cyan ugly thing tail-slaps you.
* * * LOW HITPOINT WARNING * * *
The cyan ugly thing shocks you!
You die...

###
#######.#######
.......@.......
##....u........
####.....####.
#######


You could see a cyan ugly thing.

Vanquished Creatures
  A two-headed ogre (D:5)
  Pikel (D:6)
  Grinder (D:4)
  Prince Ribbit (D:6)
  2 orc warriors (D:6)
  A sky beast (D:6)
  An ogre (D:4)
  2 bullfrogs
  2 big kobolds (Sewer)
  A gnoll sergeant (D:6)
  4 wights (D:6)
  A howler monkey (D:4)
  3 crimson imps
  4 orc priests (D:6)
  2 hounds (D:6)
  Jessica (D:2)
  6 orc wizards
  6 worker ants
  Ijyb (D:4)
  A hound skeleton (D:5)
  A worker ant zombie (D:5)
  4 gnolls (D:5)
  10 adders
  4 river rats (Sewer)
  A shadow imp (D:6)
  4 oozes
  8 worms
  A dart slug (D:3)
  2 leopard geckos (D:6)
  23 orcs
  10 giant cockroaches
  12 goblins
  6 hobgoblins
  9 jackals
  12 kobolds
  2 quokkas
  6 ball pythons
  6 bats
  2 frilled lizards
  14 rats
179 creatures vanquished.

Vanquished Creatures (others)
  An orc priest (D:4)
  5 orcs (D:4)
6 creatures vanquished.

Grand Total: 185 creatures vanquished

Notes
Turn   | Place    | Note
-------+----------+-------------------------------------------
     0 | D:1      | Mamutox the Hill Orc Fighter began the quest for the Orb.
     0 | D:1      | Reached XP level 1. HP: 19/19 MP: 1/1
   173 | D:1      | Reached XP level 2. HP: 27/27 MP: 2/2
   226 | D:1      | Reached skill level 3 in Axes
   452 | D:1      | Reached XP level 3. HP: 33/33 MP: 3/3
   881 | D:2      | Reached skill level 1 in Stealth
  1059 | D:2      | Reached XP level 4. HP: 34/40 MP: 4/4
  1117 | D:2      | Reached skill level 4 in Axes
  1498 | D:2      | Noticed Jessica
  1506 | D:2      | Killed Jessica
  1539 | D:2      | Identified Jessica's Papyrus of Evil
  1709 | D:2      | Reached XP level 5. HP: 43/46 MP: 5/5
  1899 | D:3      | Reached skill level 5 in Axes
  2174 | D:3      | Reached XP level 6. HP: 52/52 MP: 6/6
  2203 | D:3      | Found a glowing drain.
  2259 | Sewer    | Entered a sewer
  2309 | Sewer    | Reached skill level 6 in Axes
  3144 | Sewer    | Reached skill level 7 in Axes
  3144 | Sewer    | Reached XP level 7. HP: 23/60 MP: 7/7
  3798 | D:4      | Became a worshipper of Beogh the Brigand
  4058 | D:4      | Noticed Ijyb
  4065 | D:4      | Killed Ijyb
  4114 | D:4      | Noticed Grinder
  4120 | D:4      | Paralysed by Grinder for 4 turns
  4133 | D:4      | Killed Grinder
  4133 | D:4      | Reached skill level 8 in Axes
  4133 | D:4      | Reached skill level 5 in Armour
  4133 | D:4      | Reached skill level 1 in Dodging
  4835 | D:5      | Entered Level 5 of the Dungeon
  4889 | D:5      | Reached XP level 8. HP: 65/67 MP: 8/8
  4926 | D:5      | Learned a level 1 spell: Corona
  4958 | D:5      | Reached skill level 9 in Axes
  5085 | D:5      | Found a staircase to the Ecumenical Temple.
  5094 | Temple   | Entered the Ecumenical Temple
  5590 | D:5      | Found a hide-covered altar of Uskayaw.
  5694 | D:5      | Reached skill level 5 in Fighting
  5845 | D:5      | Reached * piety under Beogh
  5968 | D:6      | Noticed a two-headed ogre
  5989 | D:5      | Killed a two-headed ogre
  5989 | D:5      | Reached skill level 10 in Axes
  5989 | D:5      | Reached skill level 5 in Shields
  6024 | D:6      | Reached XP level 9. HP: 44/75 MP: 9/9
  6688 | D:6      | Reached ** piety under Beogh
  6724 | D:6      | Found a large runed door.
  6741 | D:6      | Found a large runed door.
  6855 | D:6      | Reached skill level 11 in Axes
  6859 | D:6      | Noticed Pikel
  6878 | D:6      | Killed Pikel
  7174 | D:6      | Noticed Prince Ribbit
  7183 | D:6      | Killed Prince Ribbit
  7290 | D:6      | Found a large runed door.
  7290 | D:6      | Found a large runed door.
  7303 | D:6      | Reached skill level 12 in Axes
  7303 | D:6      | Reached XP level 10. HP: 86/86 MP: 10/10
  7307 | D:6      | Gained mutation: Your movements are slightly less encumbered by armour. (ER -2) [mutagenic meat]
  7308 | D:6      | Gained mutation: You tend to lose your temper in combat. [mutagenic meat]
  7309 | D:6      | Gained mutation: You evolve. [mutagenic meat]
  7310 | D:6      | Gained mutation: You are agile. (Dex +2) [mutagenic meat]
  7352 | D:6      | Noticed a white ugly thing
  7391 | D:7      | Mangled by a cyan ugly thing

Vault maps used:
D:1:      dpeg_arrival_renting, minmay_octomino_c4
D:2:      first_bread, kennysheep_jessica_study
D:3:      cheibrodos_sewer_entry_bend, kennysheep_generic_room_16
D:4:      uniq_ijyb, uniq_grinder
D:5:      lemuel_round_altar, minmay_temple_entry_fiery
D:6:      st_stairs_7, minmay_hollow_rounded_squares, uniq_prince_ribbit1,
          uniq_pikel
D:7:      gammafunk_temple_overflow_elements, the_bakery, corexii_corridor_pit,
          minmay_misc_feat_roman, kennysheep_generic_room_6
Temple:   compressed_dpeg_circular_temple
Sewer:    sewer_co_tree

Skill      XL: |  1  2  3  4  5  6  7  8  9 |
---------------+----------------------------+-----
Axes           | 3 4 5 7 8 10 12 | 12.1
Stealth        | 1 |  1.4
Armour         | 4 5 6 7 |  7.3
Fighting       | 4 5 7 |  7.2
Shields        | 4 5 6 |  6.7
Dodging        | 1 2 |  2.2

Action                   |  1- 3 |  4- 6 |  7- 9 | 10-12 || total
-------------------------+-------+-------+-------+-------++-------
Melee: War axe           |   103 |   249 |   218 |    13 ||   583
Invok: Convert to Beogh  |       |       |     1 |       ||     1
       Smiting           |       |       |       |     3 ||     3
Evoke: Wand              |       |       |       |     1 ||     1
  Use: Scroll            |       |       |    12 |       ||    12
       Potion            |       |       |     5 |     2 ||     7
 Stab: Sleeping          |     1 |     1 |       |       ||     2
  Eat: Chunk             |     1 |     7 |     6 |     4 ||    18
       Meat ration       |       |       |     1 |       ||     1
       Bread ration      |       |       |     1 |       ||     1
Armor: Scale mail        |    46 |    96 |    62 |     5 ||   209
Dodge: Dodged            |    30 |    74 |    80 |     8 ||   192
Block: Shield            |    64 |   112 |    33 |       ||   209
       Buckler           |       |       |    25 |     2 ||    27

Table legend:
 A = Spawn XP
 B = Non-spawn XP
 C = Spawn XP percentage of total XP
 D = Spawn monster count
 E = Non-spawn monster count
 F = Spawn count percentage of total count
 G = Total turns spent on level
                    A         B        C        D         E        F      G
               +---------+---------+-------+---------+---------+-------+---------
         Total |       0 |    4785 |   0.0 |       0 |     179 |   0.0 |  7391
               +---------+---------+-------+---------+---------+-------+---------
           D:1 |       0 |      53 |   0.0 |       0 |      32 |   0.0 |   849
           D:2 |       0 |     118 |   0.0 |       0 |      24 |   0.0 |   993
           D:3 |       0 |     181 |   0.0 |       0 |      18 |   0.0 |   710
           D:4 |       0 |     502 |   0.0 |       0 |      11 |   0.0 |  1052
           D:5 |       0 |    1171 |   0.0 |       0 |      21 |   0.0 |  1306
           D:6 |       0 |    2436 |   0.0 |       0 |      45 |   0.0 |  1047
         Sewer |       0 |     324 |   0.0 |       0 |      28 |   0.0 |  1231
               +---------+---------+-------+---------+---------+-------+---------
